PAAA
JERSEY CITY TRITONS @ CALGARY LYNX
07/26/2031
 
TOP OF THE 1ST
Jersey City Tritons batting - Pitching for Calgary Lynx : RHP Ramón Martínez
Pitching: RHP Ramón Martínez
Batting: LHB Dana Waldrip 0-0: Ball
1-0: Fly out, F9 (Flyball, 89S)
Batting: LHB Ty Tomblin 0-0: Ground out U3 (Groundball, 3S)
Batting: LHB Víctor Robledo 0-0: Ball
1-0: Called Strike
1-1: Ball
2-1: Swinging Strike
2-2: Foul Ball, location: 2F
2-2: Fly out, F3 (Popup, 34)
Top of the 1st over - 0 runs, 0 hits, 0 errors, 0 left on base; Jersey City 0 - Calgary 0
BOTTOM OF THE 1ST
Calgary Lynx batting - Pitching for Jersey City Tritons : LHP Javier Romero
Pitching: LHP Javier Romero
Batting: LHB Johan Kroening 0-0: Bunt missed!
0-1: Ball
1-1: Swinging Strike
1-2: Fly out, F6 (Line Drive, 6M)
Batting: RHB Michael Garrett 0-0: Ball
1-0: Ground out 1-3 (Groundball, 13S)
Batting: RHB Yifu Chen 0-0: Called Strike
0-1: Ball
1-1: Foul Ball, location: 2F
1-2: Ground out 3-1 (Groundball, 3S)
Bottom of the 1st over - 0 runs, 0 hits, 0 errors, 0 left on base; Jersey City 0 - Calgary 0
TOP OF THE 2ND
Jersey City Tritons batting - Pitching for Calgary Lynx : RHP Ramón Martínez
Batting: RHB Rand McNally 0-0: Swinging Strike
0-1: Foul Ball, location: 2F
0-2: Ball
1-2: Strikes out swinging
Batting: SHB Dave Atkins 0-0: Foul Ball, location: 2F
0-1: Ground out U3 (Groundball, 3)
Batting: SHB Holden Nolan 0-0: Ball
1-0: SINGLE (Line Drive, 7LS)
Batting: RHB Carlos Rúbio 0-0: Ball
1-0: SINGLE (Line Drive, 7LS)
Holden Nolan to second
Runner from 2nd tries for 3rd, SAFE, no throw
Batting: LHB Bart Walton 0-0: SINGLE (Groundball, 34S) (infield hit)
Holden Nolan scores
Carlos Rúbio to second
Batting: SHB John Krog 0-0: Reached on error, E4 (Groundball, 4)
Carlos Rúbio to third
Bart Walton to second
Batting: LHB Dana Waldrip 0-0: Fly out, F6 (Popup, 6M)
Top of the 2nd over - 1 run, 3 hits, 1 error, 3 left on base; Jersey City 1 - Calgary 0
BOTTOM OF THE 2ND
Calgary Lynx batting - Pitching for Jersey City Tritons : LHP Javier Romero
Batting: RHB Gilberto Rodríguez 0-0: Foul Ball, location: 2F
0-1: Ball
1-1: Ball
2-1: Called Strike
2-2: Ball
3-2: Strikes out swinging
Batting: LHB Daniel García 0-0: Ball
1-0: Called Strike
1-1: Foul Ball, location: 2F
1-2: SINGLE (Groundball, 4D)
Batting: RHB Taylor Landis 0-0: Swinging Strike
0-1: SINGLE (Groundball, 34D)
Daniel García to second
Daniel García to third
Batting: LHB Francisco Santos 0-0: Fly out, F8 (Line Drive, 8RM)
Runner from 3rd tags up, OUT at HOME
Bottom of the 2nd over - 0 runs, 2 hits, 0 errors, 1 left on base; Jersey City 1 - Calgary 0
TOP OF THE 3RD
Jersey City Tritons batting - Pitching for Calgary Lynx : RHP Ramón Martínez
Batting: LHB Ty Tomblin 0-0: Foul Ball, location: 2F
0-1: Ball
1-1: Called Strike
1-2: Foul Ball, location: 2F
1-2: Ball
2-2: SOLO HOME RUN (Line Drive, 9LD), Distance : 330 ft
Batting: LHB Víctor Robledo 0-0: Ground out 4-3 (Groundball, 34)
Batting: RHB Rand McNally 0-0: Ball
1-0: Ball
2-0: Called Strike
2-1: Ball
3-1: SINGLE (Groundball, 56D)
Batting: SHB Dave Atkins 0-0: Ball
Rand McNally steals 2nd base
1-0: Called Strike
1-1: Swinging Strike
1-2: Ball
2-2: Ball
3-2: SINGLE (Groundball, 3D)
Rand McNally to third
Runner from 3rd tries for Home, SAFE, throw made home
Batting: SHB Holden Nolan 0-0: Ball
1-0: Called Strike
1-1: Ball
2-1: Grounds into double play, 5-4-3 (Groundball, 56)
Top of the 3rd over - 2 runs, 3 hits, 0 errors, 0 left on base; Jersey City 3 - Calgary 0
BOTTOM OF THE 3RD
Calgary Lynx batting - Pitching for Jersey City Tritons : LHP Javier Romero
Batting: SHB Ted Striker 0-0: Ball
1-0: Ball
2-0: Foul Ball, location: 2F
2-1: SINGLE (Groundball, 56S) (infield hit)
Batting: RHB Juan Martínez 0-0: Called Strike
0-1: Ball
1-1: Grounds into double play, 1-6-3 (Groundball, P)
Batting: LHB Johan Kroening 0-0: Ball
1-0: Foul Ball, location: 2F
1-1: Ball
2-1: Ball
3-1: SINGLE (Line Drive, 6MD)
Batting: RHB Michael Garrett 0-0: Ball
1-0: Fly out, F3 (Flyball, 3D)
Bottom of the 3rd over - 0 runs, 2 hits, 0 errors, 1 left on base; Jersey City 3 - Calgary 0
TOP OF THE 4TH
Jersey City Tritons batting - Pitching for Calgary Lynx : RHP Ramón Martínez
Batting: RHB Carlos Rúbio 0-0: Swinging Strike
0-1: Swinging Strike
0-2: Strikes out swinging
Batting: LHB Bart Walton 0-0: DOUBLE (Line Drive, 9LM)
Batting: SHB John Krog 0-0: Called Strike
0-1: Fly out, F8 (Flyball, 8LXD)
Runner from 2nd tags up, SAFE at 3rd, no throw
Batting: LHB Dana Waldrip 0-0: Ball
1-0: Foul Ball, location: 2F
1-1: Ball
2-1: Ground out 5-3 (Groundball, 56S)
Top of the 4th over - 0 runs, 1 hit, 0 errors, 1 left on base; Jersey City 3 - Calgary 0
BOTTOM OF THE 4TH
Calgary Lynx batting - Pitching for Jersey City Tritons : LHP Javier Romero
Batting: RHB Yifu Chen 0-0: Ball
1-0: Foul Ball, location: 2F
1-1: Fly out, F6 (Line Drive, 6)
Batting: RHB Gilberto Rodríguez 0-0: Foul Ball, location: 2F
0-1: Swinging Strike
0-2: Ball
1-2: Ball
2-2: Ball
3-2: Foul Ball, location: 2F
3-2: Foul Ball, location: 2F
3-2: Strikes out swinging
Batting: LHB Daniel García 0-0: Ball
1-0: Swinging Strike
1-1: Foul Ball, location: 2F
1-2: Ball
2-2: Strikes out swinging
Bottom of the 4th over - 0 runs, 0 hits, 0 errors, 0 left on base; Jersey City 3 - Calgary 0
TOP OF THE 5TH
Jersey City Tritons batting - Pitching for Calgary Lynx : RHP Ramón Martínez
Batting: LHB Ty Tomblin 0-0: Ball
1-0: Foul Ball, location: 2F
1-1: Foul Ball, location: 2F
1-2: Ball
2-2: Ball
3-2: Base on Balls
Batting: LHB Víctor Robledo 0-0: Called Strike
0-1: Ball
1-1: Ball
2-1: SINGLE (Groundball, 56D)
Ty Tomblin to second
Batting: RHB Rand McNally 0-0: Ball
1-0: Ball
2-0: Ball
3-0: Called Strike
3-1: Base on Balls
Ty Tomblin to third
Víctor Robledo to second
Batting: SHB Dave Atkins 0-0: Called Strike
0-1: Ball
1-1: Fielders Choice at 2nd, 3-6 (Groundball, 34)
Ty Tomblin scores
Víctor Robledo to third
Batting: SHB Holden Nolan 0-0: SINGLE (Line Drive, 6MD)
Víctor Robledo scores
Dave Atkins to second
Batting: RHB Carlos Rúbio 0-0: Reached on error, E6 (Groundball, 6)
Dave Atkins to third
Holden Nolan to second
Batting: LHB Bart Walton 0-0: SINGLE (Groundball, 4MD)
Dave Atkins scores
Holden Nolan to third
Carlos Rúbio to second
Runner from 3rd tries for Home, SAFE, no throw
Batting: SHB John Krog Balk!
Carlos Rúbio to third
Bart Walton to second
0-0: Ball
1-0: Ball
2-0: Called Strike
2-1: SINGLE (Flyball, 9S)
Carlos Rúbio scores
Bart Walton to third
Batting: LHB Dana Waldrip 0-0: Called Strike
0-1: Hit by Pitch
John Krog to second
Batting: LHB Ty Tomblin 0-0: Grounds into double play, 4-6-3 (Groundball, 34)
Top of the 5th over - 5 runs, 4 hits, 1 error, 2 left on base; Jersey City 8 - Calgary 0
BOTTOM OF THE 5TH
Calgary Lynx batting - Pitching for Jersey City Tritons : LHP Javier Romero
Batting: RHB Taylor Landis 0-0: Ball
1-0: Ball
2-0: Called Strike
2-1: Ball
3-1: Base on Balls
Batting: LHB Francisco Santos 0-0: Foul Ball, location: 2F
0-1: Called Strike
0-2: Ball
1-2: Strikes out swinging
Batting: SHB Ted Striker 0-0: Ball
1-0: Ball
2-0: Grounds into double play, 6-4-3 (Groundball, 6)
Bottom of the 5th over - 0 runs, 0 hits, 0 errors, 0 left on base; Jersey City 8 - Calgary 0
TOP OF THE 6TH
Jersey City Tritons batting - Pitching for Calgary Lynx : RHP Ramón Martínez
Batting: LHB Víctor Robledo 0-0: Swinging Strike
0-1: Foul Ball, location: 2F
0-2: Ball
1-2: Foul Ball, location: 2F
1-2: Foul Ball, location: 2F
1-2: SINGLE (Line Drive, 78S)
Batting: RHB Rand McNally 0-0: Fly out, F8 (Line Drive, 78XD)
Batting: SHB Dave Atkins 0-0: Ball
1-0: Ball
2-0: Ball
3-0: Called Strike
3-1: Base on Balls
Víctor Robledo to second
Batting: SHB Holden Nolan 0-0: Ball
1-0: Called Strike
1-1: Foul Ball, location: 2F
1-2: SINGLE (Groundball, 34S) (infield hit)
Víctor Robledo to third
Dave Atkins to second
Batting: RHB Carlos Rúbio 0-0: Foul Ball, location: 2F
0-1: Grounds into double play, 6-4-3 (Groundball, 6)
Top of the 6th over - 0 runs, 2 hits, 0 errors, 2 left on base; Jersey City 8 - Calgary 0
BOTTOM OF THE 6TH
Calgary Lynx batting - Pitching for Jersey City Tritons : LHP Javier Romero
Batting: RHB Juan Martínez 0-0: Ball
1-0: Foul Ball, location: 2F
1-1: SINGLE (Groundball, 56D)
Batting: LHB Johan Kroening 0-0: Foul Ball, location: 2F
0-1: Ball
1-1: SINGLE (Line Drive, 6D)
Juan Martínez to second
Pitching: RHP Pedro Silva
Batting: RHB Michael Garrett 0-0: Called Strike
0-1: Foul Ball, location: 2F
0-2: Ball
1-2: Ball
2-2: Ball
3-2: Fielders Choice at 2nd, 4-6 (Groundball, 4M)
Juan Martínez to third
Batting: RHB Yifu Chen 0-0: Ball
1-0: Called Strike
1-1: Ball
2-1: Foul Ball, location: 2F
2-2: Strikes out swinging
Batting: RHB Gilberto Rodríguez 0-0: Ball
1-0: Foul Ball, location: 2F
1-1: Fielders Choice at 2nd, 6-4 (Groundball, 6)
Bottom of the 6th over - 0 runs, 2 hits, 0 errors, 2 left on base; Jersey City 8 - Calgary 0
TOP OF THE 7TH
Jersey City Tritons batting - Pitching for Calgary Lynx : RHP Ramón Martínez
Pitching: RHP Dominic Parker
Batting: LHB Bart Walton 0-0: Foul Ball, location: 2F
0-1: Foul Ball, location: 2F
0-2: Foul Ball, location: 2F
0-2: Strikes out swinging
Batting: SHB John Krog 0-0: Foul Ball, location: 2F
0-1: Ball
1-1: Swinging Strike
1-2: Fly out, F7 (Flyball, 78D)
Batting: LHB Dana Waldrip 0-0: Ball
1-0: Ball
2-0: Fly out, F9 (Flyball, 89XD)
Top of the 7th over - 0 runs, 0 hits, 0 errors, 0 left on base; Jersey City 8 - Calgary 0
BOTTOM OF THE 7TH
Calgary Lynx batting - Pitching for Jersey City Tritons : RHP Pedro Silva
Batting: LHB Daniel García 0-0: Called Strike
0-1: Foul Ball, location: 2F
0-2: Foul Ball, location: 2F
0-2: Ball
1-2: Foul Ball, location: 2F
1-2: Strikes out swinging
Batting: RHB Taylor Landis 0-0: Ball
1-0: Ball
2-0: Called Strike
2-1: Ball
3-1: Ground out 6-3 (Groundball, 6)
Batting: LHB Francisco Santos 0-0: SINGLE (Groundball, 5D)
Batting: SHB Ted Striker 0-0: Foul Ball, location: 2F
0-1: Ball
1-1: Swinging Strike
1-2: Foul Ball, location: 2F
1-2: Ball
2-2: Ball
3-2: Strikes out swinging
Bottom of the 7th over - 0 runs, 1 hit, 0 errors, 1 left on base; Jersey City 8 - Calgary 0
TOP OF THE 8TH
Jersey City Tritons batting - Pitching for Calgary Lynx : RHP Dominic Parker
Batting: LHB Ty Tomblin 0-0: Swinging Strike
0-1: Ball
1-1: Foul Ball, location: 2F
1-2: Ball
2-2: Strikes out looking
Batting: LHB Víctor Robledo 0-0: Called Strike
0-1: DOUBLE (Line Drive, 7LM)
Batting: RHB Rand McNally 0-0: Ball
1-0: Fly out, F9 (Flyball, 89M)
Batting: SHB Dave Atkins 0-0: Ball
Wild Pitch!
Víctor Robledo to third
1-0: Fly out, F8 (Flyball, 8RM)
Top of the 8th over - 0 runs, 1 hit, 0 errors, 1 left on base; Jersey City 8 - Calgary 0
BOTTOM OF THE 8TH
Calgary Lynx batting - Pitching for Jersey City Tritons : RHP Pedro Silva
Now at 3B: Marcos Alfaro
Batting: RHB Juan Martínez 0-0: Ball
1-0: Called Strike
1-1: Ball
2-1: Ground out 4-3 (Groundball, 4)
Batting: LHB Johan Kroening 0-0: Fly out, F8 (Flyball, 78D)
Batting: RHB Michael Garrett 0-0: Foul Ball, location: 2F
0-1: Ball
1-1: Swinging Strike
1-2: SINGLE (Groundball, 6MD)
Batting: RHB Yifu Chen 0-0: Fly out, F8 (Flyball, 8RD)
Bottom of the 8th over - 0 runs, 1 hit, 0 errors, 1 left on base; Jersey City 8 - Calgary 0
TOP OF THE 9TH
Jersey City Tritons batting - Pitching for Calgary Lynx : RHP Dominic Parker
Batting: SHB Holden Nolan 0-0: Called Strike
0-1: Ground out 4-3 (Groundball, 4M)
Batting: RHB Carlos Rúbio 0-0: Ball
1-0: Fly out, F7 (Flyball, 7LD)
Batting: LHB Bart Walton 0-0: Ball
1-0: Ball
2-0: Ball
3-0: Base on Balls
Batting: SHB John Krog 0-0: Ball
1-0: Swinging Strike
1-1: Called Strike
1-2: SINGLE (Flyball, 7LS)
Bart Walton to second
Batting: LHB Dana Waldrip 0-0: Ball
1-0: Called Strike
1-1: Called Strike
1-2: Foul Ball, location: 2F
1-2: Fly out, F3 (Line Drive, 34)
Top of the 9th over - 0 runs, 1 hit, 0 errors, 2 left on base; Jersey City 8 - Calgary 0
BOTTOM OF THE 9TH
Calgary Lynx batting - Pitching for Jersey City Tritons : RHP Pedro Silva
Now in LF: Marvin Hunter
Batting: RHB Gilberto Rodríguez 0-0: Swinging Strike
0-1: Ball
1-1: Ground out U3 (Groundball, 34)
Batting: LHB Daniel García 0-0: Ground out U3 (Groundball, 3)
Batting: RHB Taylor Landis 0-0: Ball
1-0: Ground out 5-3 (Groundball, 56)
Bottom of the 9th over - 0 runs, 0 hits, 0 errors, 0 left on base; Jersey City 8 - Calgary 0
Tuesday, June 12th, 2018 - OOTP Baseball 18.8 Build 76